 Dungeon Crawl Stone Soup version 0.29-a0-321-gf1c400731a (webtiles) character file.

Game seed: 2681040992440697603

851 tilp the Chiller (level 7, 32/32 HPs)
             Began as a Felid Ice Elementalist on Apr 3, 2022.
             Was a Follower of Vehumet.
             Quit the game on level 7 of the Dungeon.
             The game lasted 00:13:22 (9405 turns).

tilp the Chiller (Felid Ice Elementalist)           Turns: 9405, Time: 00:13:23

Health: 32/32      AC:  2    Str:  4    XL:     7   Next: 69%
Magic:  24/24      EV: 18    Int: 20    God:    Vehumet [*.....]
Gold:   195        SH:  0    Dex: 17    Spells: 3/16 levels left
                                        Lives:  0   Deaths: 2

rFire   . . .      SeeInvis +     - Unarmed
rCold   . . .      Faith    .   (shield unavailable)
rNeg    . . .      Spirit   .   (body armour unavailable)
rPois   .          Reflect  .   (helmet unavailable)
rElec   .          Harm     .   (cloak unavailable)
rCorr   .          Rampage  .   (gloves unavailable)
Will    +....                   (boots unavailable)
Stlth   +++.......              (no amulet)
HPRegen 0.10/turn               j - ring of magical power
MPRegen 0.19/turn               (no ring)

@: quick
A: very small, claws 1, fangs 3, see invisible, speed 1, shaggy fur 2, stealthy
paws, no weapons or thrown items, no armour, multi-lived
a: Renounce Religion


You were on level 7 of the Dungeon.
You worshipped Vehumet.
Vehumet was aware of your devotion.
You visited 2 branches of the dungeon, and saw 8 of its levels.

You collected 230 gold pieces.
You spent 35 gold pieces at shops.

Inventory:

Jewellery
 j - a ring of magical power (left paw)
 m - the necklace of Bloodlust {*Rage Will++ Int-3 Slay+6}
   (You found it on level 4 of the Dungeon)

   [amulet of nothing]

   It extends the wearer's berserk rage when killing foes.
   Int:       It affects your intelligence (-3).
   Slay:      It affects your accuracy & damage with ranged weapons and melee
   (+6).
   *Rage:     It berserks you when you make melee attacks (+50% chance).
   Will:      It greatly increases your willpower.
 o - a ring of fire
Wands
 p - a wand of charming (14)
 s - a wand of acid (13)
 v - a wand of mindburst (9)
Scrolls
 b - 3 scrolls of identify
 k - 5 scrolls of teleportation
 l - a scroll of silence
 r - 2 scrolls of fog
 t - a scroll of immolation {unknown}
 w - a scroll of magic mapping
 x - a scroll of noise {unknown}
Potions
 a - a potion of magic
 c - a potion of mutation
 d - a potion of flight
 f - 2 potions of curing
 g - a potion of cancellation
 h - 2 potions of resistance {unknown}
 i - 3 potions of brilliance
 n - 2 potions of haste
 q - a potion of heal wounds {unknown}
 u - a potion of invisibility {unknown}


   Skills:
 - Level 4.0 Fighting
 - Level 4.0 Dodging
 - Level 6.0 Stealth
 - Level 2.0 Unarmed Combat
 - Level 5.0 Spellcasting
 * Level 7.0 Conjurations
 + Level 1.8 Translocations
 + Level 7.8 Ice Magic
 + Level 1.0 Evocations


You had 3 spell levels left.
You knew the following spells:

 Your Spells              Type           Power      Damage    Failure   Level
a - Freeze                Ice            100%       1d11      1%          1
b - Frozen Ramparts       Ice            72%        1d9       1%          3
c - Ozocubu's Armour      Ice            36%        N/A       1%          3
d - Hailstorm             Conj/Ice       34%        3d9       5%          4
e - Blink                 Tloc           24%        N/A       9%          2

Your spell library contained the following spells:

 Spells                   Type           Power      Damage    Failure   Level
 Foxfire                  Conj/Fire      76%        2x1d7     2%          1
 Summon Small Mammal      Summ           20%        N/A       12%         1
 Lesser Beckoning         Tloc           12%        N/A       16%         3
 Call Canine Familiar     Summ           5%         N/A       34%         3
 Confusing Touch          Hex            5%         N/A       34%         3
 Summon Guardian Golem    Hex/Summ       5%         N/A       34%         3
 Animate Dead             Necr           2%         N/A       75%         4
 Manifold Assault         Tloc           12%        N/A       83%         5
 Borgnjor's Vile Clutch   Necr/Erth      2%         N/A       97%         5
 Yara's Violent Unravell  Hex/Tmut       2%         3d3       97%         5
 Death Channel            Necr           2%         N/A       100%        6
 Enfeeble                 Hex            2%         N/A       100%        7


Dungeon Overview and Level Annotations

Branches:
Dungeon (7/15)             Temple (1/1) D:5

Altars:
Cheibriados
Dithmenos
Elyvilon
Fedhas
Gozag
Hepliaklqana
Kikubaaqudgha
Makhleb
Nemelex Xobeh
Okawaru
Ru
Sif Muna
Trog
Uskayaw
Vehumet
Wu Jian
Yredelemnul
The Shining One

Shops:
D:7 ?

Annotations:
D:5 2 runed translucent doors
D:6 dig vault (boulder beetle)
D:7 1 runed translucent door, exclusion: 3 wights, Crazy Yiuf, Joseph, Maggie


Innate Abilities, Weirdness & Mutations

You have sharp claws.
You have razor-sharp teeth.
You have supernaturally acute eyesight. (SInv)
You cover ground quickly. (Speed+)
You are covered in thick fur. (AC +2)
Your paws help you pounce on unaware monsters.
You are incapable of wielding weapons or throwing items.
You cannot wear armour.
You gain extra lives every three experience levels.


Message History

You feel less invigorated.
You feel less confused. Joseph hits you but does no damage.
Unknown command.
Casting: Hailstorm (quite dangerous; 5% risk of failure)
Confirm with . or Enter, or press ? or * to list all spells.
Casting: Frozen Ramparts (safe; 1% risk of failure)
Press: ? - help, Dir - look around, f - activate The walls around you are covered in ice.
The wall freezes Joseph.
Joseph hits you with a +3 spectral quarterstaff!
* * * LOW HITPOINT WARNING * * *
Unknown command.
Casting: Frozen Ramparts (safe; 1% risk of failure)
Confirm with . or Enter, or press ? or * to list all spells.
Aiming: Freeze (safe; 1% risk of failure)
Press: ? - help, Shift-Dir - straight line, f - Joseph
Aim: Joseph, wielding a +3 spectral quarterstaff and wearing a +0 leather armour (severely wounded)
You freeze Joseph!
Joseph is almost dead.
The wall freezes Joseph.
Joseph hits you with a +3 spectral quarterstaff!
You die...
You are now level 8!
You rejoin the land of the living...
Unknown command.
Unknown command.
Unknown command.
You see here a +0 trident.
Joseph unwields a +3 spectral quarterstaff.
Joseph wields a +6 hunting sling of flaming.
It bursts into flame!
Joseph shoots a sling bullet.
The sling bullet hits you! The sling bullet burns you.
Joseph shoots a sling bullet.
The sling bullet hits you!!
Ouch! That really hurt!
You die...
You are now level 7!
You rejoin the land of the living...
Unknown command.
Are you sure you want to abandon this character and quit the game? (Confirm with "yes".)

#....###..###. # ....
#...##......##.# ....
#.#............###...
#....................
###.............#####
#.............# #
#.##......##..# #
#..###..###...# #
##@..####.....#
##........####
##########


There were no monsters in sight!

Vanquished Creatures
  Pikel (D:5)
  Sigmund (D:6)
  3 yaks (D:5)
  Eustachio (D:6)
  An orc warrior (D:7)
  A sky beast (D:5)
  2 black bears
  2 phantoms
  A centaur (D:7)
  A kobold brigand (D:6)
  A lemure (D:5)
  4 necrophages (D:6)
  2 bullfrogs (D:7)
  A gnoll sergeant (D:7)
  4 scorpions
  5 wights (D:7)
  2 centaur zombies (D:7)
  2 hounds (D:4)
  A jelly (D:7)
  An orc priest (D:4)
  Jessica (D:2)
  Ijyb (D:3)
  2 iguanas
  An orc wizard (D:7)
  8 adders
  3 gnolls (D:7)
  A shadow imp (D:6)
  A white imp (D:5)
  An ufetubus (D:5)
  2 worms
  A dart slug (D:2)
  8 orcs
  12 ball pythons
  7 endoplasms
  2 giant cockroaches
  9 goblins
  7 hobgoblins
  6 jackals
  17 kobolds
  6 quokkas
  5 bats
  2 frilled lizards (D:1)
  4 rats
144 creatures vanquished.

Notes
Turn   | Place    | Note
-------+----------+-------------------------------------------
     0 | D:1      | tilp the Felid Ice Elementalist began the quest for the
                  | Orb.
     0 | D:1      | Reached XP level 1. HP: 7/7 MP: 4/4
   202 | D:1      | Reached XP level 2. HP: 12/12 MP: 1/6
   581 | D:1      | Reached skill level 1 in Fighting
  1090 | D:2      | You fall into a shaft and drop 1 floor!
  1093 | D:3      | Reached XP level 3. HP: 15/15 MP: 7/7
  1102 | D:3      | Learned a level 3 spell: Frozen Ramparts
  1135 | D:3      | Noticed Ijyb
  1640 | D:2      | Learned a level 3 spell: Ozocubu's Armour
  1823 | D:2      | Found a faded altar of an unknown god.
  1852 | D:2      | Reached XP level 4. HP: 17/19 MP: 5/8
  2088 | D:2      | Noticed Jessica
  2096 | D:2      | Killed Jessica
  3014 | D:3      | Killed Ijyb
  3015 | D:3      | Reached skill level 5 in Ice Magic
  3015 | D:3      | Reached XP level 5. HP: 22/22 MP: 9/10
  3252 | D:4      | Noticed a phantom
  3295 | D:4      | Found a shimmering blue altar of Sif Muna.
  3546 | D:4      | Found an ornate altar of the Wu Jian Council.
  3785 | D:4      | Found the necklace of Bloodlust {*Rage Will++ Int-3 Slay+6}
  4194 | D:4      | Gained mutation: You are covered in thick fur. (AC +2)
                  | [Felid growth]
  4194 | D:4      | Reached XP level 6. HP: 26/26 MP: 11/11
  4250 | D:4      | Learned a level 4 spell: Hailstorm
  4645 | D:5      | Entered Level 5 of the Dungeon
  4812 | D:5      | Noticed a yak
  4815 | D:5      | Noticed a yak
  4817 | D:5      | Noticed a yak
  4819 | D:5      | Killed a yak
  4820 | D:5      | Reached skill level 1 in Unarmed Combat
  4820 | D:5      | Reached XP level 7. HP: 31/31 MP: 11/12
  4826 | D:5      | Killed a yak
  4828 | D:5      | Killed a yak
  4829 | D:5      | Reached skill level 5 in Stealth
  5054 | D:5      | Reached skill level 1 in Conjurations
  5197 | D:5      | Reached XP level 8. HP: 36/36 MP: 13/13
  5284 | D:5      | Found a large runed translucent door.
  5284 | D:5      | Found a large runed translucent door.
  5445 | D:5      | Found a staircase to the Ecumenical Temple.
  5658 | Temple   | Entered the Ecumenical Temple
  5895 | Temple   | Became a worshipper of Vehumet
  5958 | D:5      | Noticed Pikel
  5967 | D:5      | Killed Pikel
  6617 | D:6      | Noticed Eustachio
  6628 | D:6      | Noticed Sigmund
  6631 | D:6      | Killed Eustachio
  6631 | D:6      | Killed Sigmund
  6632 | D:6      | Reached XP level 9. HP: 21/39 MP: 3/17
  6946 | D:6      | Reached skill level 5 in Conjurations
  7417 | D:6      | Reached skill level 5 in Spellcasting
  7538 | D:6      | Noticed a boulder beetle
  7748 | D:7      | Noticed Maggie
  7777 | D:7      | Noticed Joseph
  7779 | D:7      | Found Paraquim's Magic Scroll Shop.
  7787 | D:6      | Learned a level 2 spell: Blink
  8097 | D:7      | Reached * piety under Vehumet
  8097 | D:7      | Offered knowledge of Foxfire by Vehumet.
  8631 | D:7      | Bought a scroll of magic mapping for 35 gold pieces
  8650 | D:7      | Found a runed translucent door.
  8651 | D:7      | Noticed Crazy Yiuf
  8689 | D:7      | Reached skill level 1 in Translocations
  9244 | D:7      | Reached skill level 1 in Evocations
  9320 | D:7      | Found a basalt altar of Yredelemnul.
  9371 | D:7      | Mangled by Joseph
  9372 | D:7      | Reached XP level 8. HP: -7/36 MP: 23/25
  9404 | D:7      | Shot with a sling bullet by Joseph
  9405 | D:7      | Reached XP level 7. HP: -1/32 MP: 24/24
  9405 | D:7      | Quit the game

Illustrated notes

Levels and vault maps discovered:
D:1:      dpeg_arrival_concentric_ovals, layout_rooms
D:2:      layout_rooms, ebering_ecumenical_altar_sacrificial, uniq_jessica
D:3:      layout_rooms, uniq_ijyb
D:4:      layout_cave_pools, mainiacjoe_overflow_six_doors_small,
          mainiacjoe_overflow_concentric_impassable, minmay_checkerbox
D:5:      layout_loops_corners, jmf_multi_god_temple2, minmay_temple_entry_hall,
          uniq_pikel
D:6:      layout_rooms, lightli_corner_chamber, uniq_eustachio, uniq_sigmund
D:7:      layout_loops_ring, lemuel_zombie_altar_yredelemnul, serial_shops,
          shop, minmay_misc_feat_iff, uniq_maggie, uniq_crazy_yiuf_cottage,
          uniq_joseph
Temple:   regret_index_temple_generic_petals

Skill      XL: |  1  2  3  4  5  6  7  8  9 |
---------------+----------------------------+-----
Ice Magic      | 4 5 6 7 |  7.8
Fighting       | 1 2 3 4 |  4.0
Spellcasting   | 3 4 5 |  5.0
Dodging        | 3 4 |  4.0
Stealth        | 3 6 |  6.0
Unarmed Combat | 1 2 |  2.0
Conjurations   | 1 4 7 |  7.0
Translocations | 1 |  1.8
Evocations     | 1 |  1.0

Action                   |  1- 3 |  4- 6 |  7- 9 || total
-------------------------+-------+-------+-------++-------
Melee: Unarmed           |    17 |    26 |    79 ||   122
       Bite              |       |     4 |    12 ||    16
       Punch             |       |       |     3 ||     3
 Cast: Freeze            |    42 |    38 |    38 ||   118
       Frozen Ramparts   |     5 |    19 |    24 ||    48
       Ozocubu's Armour  |     1 |     5 |    23 ||    29
       Hailstorm         |       |       |    33 ||    33
  Use: Scroll            |     7 |     5 |     1 ||    13
       Potion            |       |     1 |     1 ||     2
 Stab: Sleeping          |     4 |     4 |     2 ||    10
Armor: Skin              |     2 |     8 |    31 ||    41
Dodge: Dodged            |    45 |    47 |   125 ||   217

Table legend: (Time is in decaauts)
 A = Elapsed time spent in this place.
 B = Non-inter-level travel time spent in this place.
 C = Inter-level travel time spent in this place.
 D = Time resting spent in this place.
 E = Time spent auto-exploring this place.
 F = Levels seen in this place.
 G = Mean time per level.
                   A        B        C        D        E       F      G
               +--------+--------+--------+--------+--------+-----+--------+
         Total |   8577 |   8296 |    281 |   1856 |   5265 |   8 | 1072.1 |
       Dungeon |   8359 |   8103 |    256 |   1856 |   5082 |   7 | 1194.1 |
        Temple |    218 |    193 |     25 |      0 |    183 |   1 |  218.0 |
               +--------+--------+--------+--------+--------+-----+--------+

Top non-repeatable levels by time:
     D:7: 1430 daAuts
     D:2: 1355 daAuts
     D:5: 1341 daAuts
     D:4: 1326 daAuts
     D:6: 1285 daAuts
     D:3: 831 daAuts
     D:1: 789 daAuts
  Temple: 218 daAuts
